 Dungeon Crawl Stone Soup version 0.30-a0-122-g2a1322497e (webtiles) character file.

Game seed: 4374913363076679445

16431 IdlyInterested the Jinx (level 12, -7/89 HPs)
             Began as a Demonspawn Gladiator on Sept 14, 2022.
             Mangled by Sonja
             ... wielding a +0 short sword of distortion
              (22 damage)
             ... on level 1 of the Lair of Beasts on Sept 15, 2022.
             The game lasted 00:48:24 (14294 turns).

IdlyInterested the Jinx (Demonspawn Gladiator)     Turns: 14294, Time: 00:48:25

Health: -7/89      AC: 20    Str: 18    XL:     12   Next: 10%
Magic:  21/21      EV: 13    Int: 12    God:
Gold:   762        SH:  9    Dex: 16    Spells: 15/23 levels left

rFire   . . .      SeeInvis .    u - +5 scimitar
rCold   . . .      Faith    .    L - +0 kite shield
rNeg    + + .      Spirit   .    y - +10 chain mail "Zibacwut" {*Slow rPois rN++}
rPois   +          Reflect  .    (helmet restricted)
rElec   .          Harm     .    (no cloak)
rCorr   .          Rampage  .    b - +0 pair of gloves
Will    .....                    (boots unavailable)
Stlth   ..........               (no amulet)
HPRegen 0.24/turn                g - +4 ring of evasion
MPRegen 0.17/turn                O - +4 ring of slaying

@: lethally poisoned (-7 -> -7), slowed, very slow
A: claws 1, hooves 3, horns 1, demonic guardian 2, spiny 1, strong 1
a: no special abilities


You were on level 1 of the Lair of Beasts.
You visited 3 branches of the dungeon, and saw 12 of its levels.
You visited the Abyss 1 time.
You also visited: Ossuary.

You collected 762 gold pieces.

Inventory:

Hand Weapons
 a - a +4 long sword of freezing
 e - a +2 falchion of flaming
 h - a +2 antimagic dagger
 r - the +7 dire flail "Necrat Nigh" {antimagic, rPois rC+ Int+5}
   (You took it off a two-headed ogre on level 9 of the Dungeon)

   It reduces the magical energy of the wielder, and disrupts the spells and
   magical abilities of those it strikes.
   Natural abilities and divine invocations are not affected.
   Int:       It affects your intelligence (+5).
   rC:        It protects you from cold.
   rPois:     It protects you from poison.
 u - a +5 scimitar (weapon)
 A - a +1 quick blade of venom
 E - the +10 spear "Dettolin" {drain, rF+ Int+2}
   (You took it off a spriggan on level 8 of the Dungeon)

   A truly terrible weapon, it drains the life of any living foe it strikes.
   Int:       It affects your intelligence (+2).
   rF:        It protects you from fire.
Missiles
 d - 5 throwing nets
 l - 119 stones
 o - 33 poisoned darts
 w - 10 boomerangs (quivered)
 z - 6 javelins
 S - 4 curare-tipped darts
Armour
 b - a +0 pair of gloves (worn)
 s - a +1 leather armour of cold resistance
 x - an orb of guile
 y - the +10 chain mail "Zibacwut" (worn) {*Slow rPois rN++}
   (You took it off an orc on level 3 of the Dungeon)

   rPois:     It protects you from poison.
   rN:        It greatly protects you from negative energy.
   *Slow:     It may slow you when you take damage.
 L - a +0 kite shield (worn)
 P - a +2 robe of fire resistance
Jewellery
 g - a +4 ring of evasion (left hand)
 i - a +4 ring of evasion
 n - a +6 ring of strength
 q - a +6 ring of strength
 M - a ring of positive energy
 O - a +4 ring of slaying (right hand)
Wands
 F - a wand of charming (3)
 G - a wand of flame (19)
 T - a wand of iceblast (2)
Scrolls
 c - 4 scrolls of immolation
 j - a scroll of enchant weapon
 p - 8 scrolls of teleportation
 v - 3 scrolls of blinking
 C - 4 scrolls of amnesia
 D - 4 scrolls of identify
 H - 3 scrolls of silence
 K - 2 scrolls of magic mapping
 N - a scroll of torment
 Q - a scroll of summoning {unknown}
 R - a scroll of fog
Potions
 f - a potion of haste
 k - a potion of mutation
 m - 2 potions of attraction
 t - 4 potions of flight
 B - 4 potions of curing
 I - 4 potions of brilliance
 J - a potion of magic
Miscellaneous
 U - a phial of floods


   Skills:
 + Level 6.7 Fighting
 + Level 9.1 Long Blades
 - Level 2.0 Throwing
 - Level 4.0 Armour
 * Level 8.9 Dodging
 - Level 2.0 Stealth
 - Level 4.0 Shields
 - Level 6.0 Spellcasting
 + Level 9.4 Hexes
 - Level 2.0 Evocations


You had 15 spell levels left.
You knew the following spells:

 Your Spells              Type           Power      Damage    Failure   Level
a - Dazzling Flash        Conj/Hex       28%        N/A       96%         3
b - Metabolic Englaciati  Hex/Ice        7%         N/A       100%        5

Your spell library contained the following spells:

 Spells                   Type           Power      Damage    Failure   Level
 Inner Flame              Hex/Fire       14%        N/A       96%         3
 Foxfire                  Conj/Fire      12%        2x1d4     100%        1
 Freeze                   Ice            12%        1d4       100%        1
 Sublimation of Blood     Necr           3%         N/A       100%        2
 Frozen Ramparts          Ice            6%         1d1       100%        3
 Kindle Blastsparks       Fire/Tloc/Air  6%         2d10      100%        3
 Flame Wave               Conj/Fire      3%         2d5       100%        4
 Hailstorm                Conj/Ice       3%         3d3       100%        4
 Iskenderun's Mystic Bla  Conj/Tloc      3%         2d3       100%        4
 Petrify                  Tmut/Erth      3%         N/A       100%        4
 Irradiate                Conj/Tmut      1%         3d12      100%        5
 Starburst                Conj/Fire      1%         6d3       100%        6
 Statue Form              Tmut/Erth      2%         N/A       100%        6
 Malign Gateway           Summ/Tloc      1%         N/A       100%        7
 Summon Horrible Things   Summ           1%         N/A       100%        8


Dungeon Overview and Level Annotations

Branches:
Dungeon (10/15)            Temple (1/1) D:4            Lair (1/5) D:10
    Orc (0/2) D:10        Ossuary (visited)

Altars:
Ashenzari
Cheibriados
Dithmenos
Fedhas
Gozag
Hepliaklqana
Kikubaaqudgha
Makhleb
Nemelex Xobeh
Okawaru
Qazlal
Ru
Sif Muna
Trog
Uskayaw
Vehumet
Wu Jian
Xom
Yredelemnul

Shops:
D:4 [

Annotations:
Lair:1 Sonja


Innate Abilities, Weirdness & Mutations

You have sharp fingernails.
You have hooves in place of feet.
You have a pair of small horns on your head.
A demonic guardian rushes to your aid.
You are partially covered in sharp spines.
Your muscles are strong. (Str +4, Int/Dex -1)


Message History

The yak bellows!
You block Sonja's attack. Sonja hits you but does no damage.
Space warps around you. You block Sonja's attack.
You closely miss Sonja. Your kick misses Sonja.
You feel very sick.
Sonja casts a spell.
Sonja blinks!
You hit the yak.
The yak is lightly wounded.
You feel very sick.
Sonja throws a curare-tipped dart.
You block the curare-tipped dart. The yak closely misses you.
Sonja throws a curare-tipped dart.
You block the curare-tipped dart. You block the yak's attack.
You hit the yak. Your kick misses the yak. You headbutt the yak.
The yak is lightly wounded.
You feel sick. The yak is struck by your spines. The yak closely misses you.
Sonja closely misses you. Sonja barely misses you. Sonja misses you.
You block the yak's attack.
You completely miss Sonja. You kick Sonja!
Sonja is heavily wounded.
You feel sick.
Sonja hits you with a +0 short sword of distortion.
Space warps around you. Sonja barely misses you. You block Sonja's attack.
The yak is struck by your spines. The yak closely misses you.
The yak gores you! The yak gores you but does no damage.
Sonja closely misses you. Sonja hits you but does no damage.
Space warps around you.
You feel as though you will be slow longer.
Sonja misses you.
You barely miss Sonja. Your kick misses Sonja. Your headbutt misses Sonja.
Sonja is moderately wounded.
You feel sick. Sonja is struck by your spines.
Sonja hits you with a +0 short sword of distortion.
Space warps around you. Sonja barely misses you.
Sonja hits you but does no damage. Space warps horribly around you!
* * * LOW HITPOINT WARNING * * *
A demonic guardian appears!
The yak gores you but does no damage. x2
The yak closely misses you. Sonja is struck by your spines.
Sonja hits you but does no damage. Space warps horribly around you!!
You die...

.# #.....# .## ##....#
..######.....#
...........###
...........#
...........# .
...........####### ...
...........##P##.##.....
...#######....3K@Y......
...# #......YY......
...# #..............
...P# #..............
...## #..............
#.## ####P########## ##
###


You could see 3 yaks, Sonja (ally target) and a friendly smoke demon (summoned).

Vanquished Creatures
  4 two-headed ogres
  The ghost of NinjaNoafa the Conjurer, a novice DrIE of Qazlal (D:9)
  Urug (Lair:1)
  The ghost of logorrheac the Magician, a novice GnWn of Sif Muna (D:8)
  A wizard (D:9)
  Joseph (D:9)
  A komodo dragon (Lair:1)
  A hornet (D:8)
  2 trolls
  A wraith (D:10)
  6 yaks
  A wyvern (D:9)
  5 large abominations (D:9)
  3 spriggans (D:8)
  A steam dragon (D:10)
  3 vampire mosquitoes (D:10)
  2 acid dragons
  3 water moccasins
  2 black bears
  7 orc warriors
  3 sky beasts
  2 ice beasts
  7 small abominations (D:9)
  2 centaurs
  A phantom (D:4)
  A wolf (D:8)
  The ghost of SigmundSlayer the Shooter, an amateur SpHu (D:3)
  3 kobold brigands
  A bullfrog (D:7)
  2 gnoll sergeants
  3 necrophages
  3 scorpions
  14 wights (D:8)
  10 killer bees
  4 electric eels (D:5)
  A howler monkey (D:9)
  2 hounds (D:5)
  2 centaur zombies (Ossuary)
  A human zombie (Ossuary)
  3 gnoll boudas
  A jelly (D:4)
  3 orc priests
  6 iguanas
  3 orc wizards
  2 hound zombies (Ossuary)
  3 mummies (Ossuary)
  23 gnolls
  10 adders
  3 adder zombies (Ossuary)
  3 worms
  The ghost of jfcaron the Sneak, a weakling HODe (D:5)
  A dart slug (D:4)
  39 orcs
  8 ball pythons
  6 endoplasms
  3 giant cockroaches
  A gnoll zombie (Ossuary)
  6 goblins
  7 hobgoblins
  2 jackals (D:4)
  3 quokkas
  5 bats
  3 frilled lizards
  6 goblin zombies (Ossuary)
  3 hobgoblin zombies (Ossuary)
  4 jackal zombies
  13 kobolds
  4 kobold zombies (Ossuary)
  3 orc zombies (Ossuary)
  4 quokka zombies (Ossuary)
  5 rats
  4 rat zombies (Ossuary)
301 creatures vanquished.

Vanquished Creatures (collateral kills)
  A two-headed ogre (D:9)
  2 yaks (D:7)
  A sky beast (D:10)
  An orc warrior (D:10)
  An ogre (D:10)
  A centaur (D:9)
  2 kobold brigands (D:10)
  2 gnoll sergeants (D:10)
  2 electric eels (D:5)
  A human zombie (D:7)
  An iguana (D:6)
  8 gnolls
  An adder (D:6)
  2 orcs (D:10)
  An orc zombie (D:7)
27 creatures vanquished.

Vanquished Creatures (others)
  A steam dragon (D:10)
  2 fungi (D:8)
  13 plants
16 creatures vanquished.

Grand Total: 344 creatures vanquished

Notes
Turn   | Place    | Note
-------+----------+-------------------------------------------
     0 | D:1      | IdlyInterested the Demonspawn Gladiator began the quest for
                  | the Orb.
     0 | D:1      | Reached XP level 1. HP: 16/16 MP: 1/1
   280 | D:1      | Gained mutation: A weak demonic guardian rushes to your
                  | aid. [demonic ancestry]
   280 | D:1      | Reached XP level 2. HP: 4/22 MP: 2/2
  1301 | D:2      | Reached skill level 1 in Hexes
  1301 | D:2      | Reached XP level 3. HP: 24/27 MP: 4/4
  1388 | D:2      | Reached skill level 1 in Spellcasting
  2115 | D:2      | Reached XP level 4. HP: 33/33 MP: 6/6
  2443 | D:3      | Found a runed translucent gate.
  2443 | D:3      | Identified the +10 chain mail "Zibacwut" {*Slow rPois rN++}
  2443 | D:3      | Noticed SigmundSlayer's ghost (amateur SpHu)
  2459 | D:3      | Found a runed translucent gate.
  2459 | D:3      | Found a runed translucent gate.
  3141 | D:3      | Discovered your monstrous ancestry.
  3141 | D:3      | Gained mutation: You have sharp fingernails. [demonic
                  | ancestry]
  3141 | D:3      | Reached XP level 5. HP: 15/38 MP: 8/8
  3699 | D:3      | Killed SigmundSlayer's ghost
  3871 | D:4      | Noticed a sky beast
  3871 | D:4      | Noticed a phantom
  3882 | D:4      | Killed a phantom
  3883 | D:4      | Reached skill level 1 in Armour
  3883 | D:4      | Gained mutation: You have large cloven feet. [demonic
                  | ancestry]
  3883 | D:4      | Reached XP level 6. HP: 32/46 MP: 9/9
  3892 | D:4      | Killed a sky beast
  4374 | D:4      | Identified the +1 scale mail "Fasittod" {rC- Str+7 Int+2
                  | Dex+3}
  4506 | D:4      | Found a staircase to the Ecumenical Temple.
  4525 | Temple   | Entered the Ecumenical Temple
  4639 | Temple   | Upgraded the game from 0.30-a0-121-gb27577e5d9 to
                  | 0.30-a0-122-g2a1322497e
  4684 | D:4      | Found Bonwun's Antique Armour Emporium.
  4842 | D:4      | Gained mutation: You have hoof-like feet. [demonic
                  | ancestry]
  4842 | D:4      | Reached XP level 7. HP: 43/52 MP: 10/10
  4843 | D:4      | Reached skill level 1 in Stealth
  5341 | D:4      | Gained mutation: Your muscles are strong. (Str +4, Int/Dex
                  | -1) [potion of mutation]
  5341 | D:4      | Gained mutation: You have hooves in place of feet. [potion
                  | of mutation]
  5344 | D:5      | Entered Level 5 of the Dungeon
  5804 | D:5      | Reached skill level 1 in Evocations
  5842 | D:5      | Reached skill level 1 in Shields
  5900 | D:5      | Found an iron altar of Okawaru.
  6101 | D:5      | Gained mutation: A demonic guardian rushes to your aid.
                  | [demonic ancestry]
  6101 | D:5      | Reached XP level 8. HP: 55/58 MP: 12/12
  6178 | D:5      | Found a runed translucent door.
  6179 | D:5      | Noticed jfcaron's ghost (weakling HODe)
  6454 | D:5      | Noticed a troll
  6464 | D:5      | Killed a troll
  6465 | D:5      | Reached skill level 5 in Long Blades
  6523 | D:5      | Reached skill level 5 in Dodging
  6689 | D:5      | Killed jfcaron's ghost
  6825 | D:6      | Found a hide-covered altar of Uskayaw.
  7464 | D:7      | Reached skill level 5 in Hexes
  7464 | D:7      | Gained mutation: You are partially covered in sharp spines.
                  | [demonic ancestry]
  7464 | D:7      | Reached XP level 9. HP: 65/65 MP: 14/14
  7641 | D:7      | Found a sand-covered staircase.
  7652 | Ossuary  | Entered an ossuary
  8088 | D:7      | Found a sacrificial altar of Ru.
  8597 | D:7      | Found a broken altar of Ashenzari.
  8698 | D:7      | Reached skill level 5 in Fighting
  8698 | D:7      | Reached XP level 10. HP: 68/74 MP: 16/16
  9378 | D:8      | Learned a level 3 spell: Dazzling Flash
  9816 | D:8      | Found a runed translucent door.
  9875 | D:8      | Noticed logorrheac's ghost (novice GnWn)
  9877 | D:8      | Identified the +10 spear "Dettolin" {drain, rF+ Int+2}
 10006 | D:8      | Found a radiant altar of Vehumet.
 10010 | D:8      | Found a stormy altar of Qazlal.
 10010 | D:8      | Found an ornate altar of the Wu Jian Council.
 10010 | D:8      | Found a shadowy altar of Dithmenos.
 10012 | D:8      | Found a burning altar of Makhleb.
 10013 | D:8      | Found a bloodstained altar of Trog.
 10014 | D:8      | Found a basalt altar of Yredelemnul.
 10099 | D:8      | Found a hazy altar of Hepliaklqana.
 10416 | D:8      | Killed logorrheac's ghost
 10663 | D:9      | Reached skill level 5 in Spellcasting
 10997 | D:9      | Noticed a wizard
 11004 | Abyss:2  | Cast into level 2 of the Abyss (a wizard)
 11028 | D:9      | Escaped the Abyss
 11029 | D:9      | Killed a wizard
 11033 | D:9      | Noticed a large abomination
 11057 | D:9      | Killed a large abomination
 11058 | D:9      | Gained mutation: You have a pair of small horns on your
                  | head. [demonic ancestry]
 11058 | D:9      | Reached XP level 11. HP: 28/80 MP: 18/18
 11101 | D:9      | Learned a level 5 spell: Metabolic Englaciation
 11482 | D:9      | Noticed Joseph
 11492 | D:9      | Killed Joseph
 11664 | D:9      | Noticed NinjaNoafa's ghost (novice DrIE)
 11664 | D:9      | Noticed a two-headed ogre
 11664 | D:9      | Identified the +7 dire flail "Necrat Nigh" {antimagic,
                  | rPois rC+ Int+5}
 11664 | D:9      | Noticed a two-headed ogre
 11665 | D:9      | Found a transporter.
 11665 | D:9      | Noticed a two-headed ogre
 11666 | D:9      | Noticed a two-headed ogre
 11700 | D:9      | Found a blossoming altar of Fedhas.
 11863 | D:9      | Found a transporter.
 11868 | D:9      | Killed a two-headed ogre
 11872 | D:9      | Killed a two-headed ogre
 11877 | D:9      | Killed a two-headed ogre
 11883 | D:9      | Killed NinjaNoafa's ghost
 11888 | D:9      | Killed a two-headed ogre
 12208 | D:10     | Entered Level 10 of the Dungeon
 12993 | D:10     | Noticed a two-headed ogre
 12998 | D:10     | Killed a two-headed ogre
 13387 | D:10     | Found a staircase to the Orcish Mines.
 13410 | D:10     | Reached XP level 12. HP: 63/89 MP: 21/21
 13609 | D:10     | Found a staircase to the Lair.
 13708 | Lair:1   | Entered Level 1 of the Lair of Beasts
 13743 | Lair:1   | Noticed Urug
 13755 | Lair:1   | Killed Urug
 14286 | Lair:1   | Noticed Sonja
 14294 | Lair:1   | Mangled by Sonja

Illustrated notes

Levels and vault maps discovered:
D:1:      matt_arrival_spirals, layout_loops_ring, minmay_tripent
D:2:      layout_loops_ring
D:3:      layout_loops_corners, biasface_ghost_orc_armoury,
          minmay_randomly_rotated_circles
D:4:      cheibrodos_barr_body, layout_layer_cave,
          minmay_temple_entry_statues_fountains, serial_shops,
          nicolae_shop_trees
D:5:      cheibrodos_two_vegetables, layout_loops_ring, okawaru_trees_1,
          gammafunk_ghost_grave, dreamdust_princess_bridge
D:6:      layout_rooms, mainiacjoe_overflow_alcove_2
D:7:      layout_gridville, nicolae_ashenzari_skybound,
          mainiacjoe_overflow_brackets, enter_ossuary_3, minmay_circle_x
D:8:      layout_loops_corners, nzn_hepliaklqana_mist_gate, minitemple,
          ebering_ghost_funeral_grove
D:9:      layout_roguey, mainiacjoe_overflow_alcove_1, gammafunk_ghost_smash,
          laboratory, uniq_joseph
D:10:     layout_loops_ring, lair_entry_dummy,
          kennysheep_orc_monster_closet_entryway, hangedman_misty_isle
Temple:   nicolae_temple_superstar
Lair:1:   layout_cellular_growth, minmay_holes, uniq_urug, uniq_sonja

Skill      XL: |  1  2  3  4  5  6  7  8  9 10 11 |
---------------+----------------------------------+-----
Dodging        | 3 4 5 7 8 |  8.9
Hexes          | 1 2 3 5 6 7 9 |  9.4
Long Blades    | 3 4 5 6 7 9 |  9.1
Spellcasting   | 1 2 3 4 5 6 |  6.0
Armour         | 1 2 3 4 |  4.0
Fighting       | 3 4 5 6 |  6.7
Stealth        | 2 |  2.0
Evocations     | 1 2 |  2.0
Shields        | 2 4 |  4.0
Throwing       | 2 |  2.0

Action                   |  1- 3 |  4- 6 |  7- 9 | 10-12 || total
-------------------------+-------+-------+-------+-------++-------
Melee: Long sword        |   111 |    91 |       |       ||   202
       Punch             |     1 |     1 |     5 |       ||     7
       Falchion          |       |    84 |   200 |       ||   284
       Kick              |       |     9 |    96 |    93 ||   198
       Scimitar          |       |       |   172 |   269 ||   441
       Headbutt          |       |       |       |    40 ||    40
Throw: Throwing net      |     1 |     1 |       |       ||     2
       Javelin           |       |     1 |       |     1 ||     2
       Boomerang         |       |     2 |     4 |    10 ||    16
Evoke: Wand              |       |       |       |     1 ||     1
  Use: Scroll            |     3 |    11 |     3 |     7 ||    24
       Potion            |     1 |     1 |     3 |     6 ||    11
 Stab: Held in net/web   |     2 |     2 |       |       ||     4
       Sleeping          |     1 |     2 |       |       ||     3
       Invisible         |       |       |       |     4 ||     4
Armor: Leather armour    |    14 |    28 |       |       ||    42
       Chain mail        |    66 |    50 |   151 |   108 ||   375
Dodge: Dodged            |   103 |   163 |   359 |   148 ||   773
Block: Kite shield       |       |       |       |   138 ||   138

Table legend: (Time is in decaauts)
 A = Elapsed time spent in this place.
 B = Non-inter-level travel time spent in this place.
 C = Inter-level travel time spent in this place.
 D = Time resting spent in this place.
 E = Time spent auto-exploring this place.
 F = Levels seen in this place.
 G = Mean time per level.
                   A        B        C        D        E       F      G
               +--------+--------+--------+--------+--------+-----+--------+
         Total |  14433 |  12871 |   1562 |   1229 |   8520 |  14 | 1030.9 |
       Dungeon |  13329 |  11803 |   1526 |   1227 |   7783 |  10 | 1332.9 |
        Temple |    150 |    114 |     36 |      0 |    106 |   1 |  150.0 |
          Lair |    590 |    590 |      0 |      2 |    519 |   1 |  590.0 |
         Abyss |     23 |     23 |      0 |      0 |     13 |   1 |   23.0 |
       Ossuary |    338 |    338 |      0 |      0 |     99 |   1 |  338.0 |
               +--------+--------+--------+--------+--------+-----+--------+

Top non-repeatable levels by time:
     D:7: 1543 daAuts
     D:9: 1540 daAuts
     D:4: 1528 daAuts
     D:8: 1481 daAuts
     D:3: 1442 daAuts
     D:5: 1425 daAuts
    D:10: 1376 daAuts
     D:1: 1284 daAuts
     D:2: 1152 daAuts
  Lair:1: 590 daAuts
     D:6: 555 daAuts
 Ossuary: 338 daAuts
  Temple: 150 daAuts
 Abyss:2: 23 daAuts
